 Dungeon Crawl Stone Soup version 0.28-a0-1143-gcf6077d4cc (webtiles) character file.

Game seed: 7634035687040402551

221 ytrimaz the Shield-Bearer (level 6, -13/49 HPs)
             Began as a Formicid Fighter on Dec 13, 2021.
             Mangled by Menkaure (19 damage)
             ... on level 4 of the Dungeon.
             The game lasted 00:02:16 (2853 turns).

ytrimaz the Shield-Bearer (Formicid Fighter)        Turns: 2853, Time: 00:02:16

Health: -13/49     AC:  8    Str: 22    XL:     6   Next: 18%
Magic:  6/6        EV:  9    Int:  8    God:
Gold:   88         SH:  5    Dex: 10    Spells: 5/5 levels left

rFire   . . .      SeeInvis +   a - +0 war axe
rCold   . . .      Faith    .   c - +0 buckler
rNeg    . . .      Spirit   .   b - +1 scale mail
rPois   .          Reflect  .   (helmet unavailable)
rElec   .          Harm     .   (no cloak)
rCorr   .          Rampage  .   (no gloves)
Will    .....                   (no boots)
Stlth   ..........              (no amulet)
HPRegen 0.16/turn               (no ring)
MPRegen 0.10/turn               (no ring)

@: mighty
A: permanent stasis, dig shafts and tunnels, antennae 3, four strong arms
a: Dig, Shaft Self


You were on level 4 of the Dungeon.
You visited 1 branch of the dungeon, and saw 4 of its levels.

You collected 88 gold pieces.

Inventory:

Hand Weapons
 a - a +0 war axe (weapon)
Armour
 b - a +1 scale mail (worn)
 c - a +0 buckler (worn)
Wands
 i - a wand of mindburst (10)
Potions
 f - a potion of invisibility
 j - a potion of magic


   Skills:
 * Level 4.3 Fighting
 + Level 3.0 Axes
 * Level 4.8 Armour
 + Level 0.3 Stealth
 * Level 5.1 Shields


You had 5 spell levels left.
You didn't know any spells.
Your spell library was empty.

Dungeon Overview and Level Annotations

Branches:
Dungeon (4/15)
 Temple: D:4-7

Altars:

Annotations:
D:3 3 runed translucent doors, Adrian566's ghost, amateur DsFi
D:4 Menkaure


Innate Abilities, Weirdness & Mutations

You cannot be hasted, slowed, berserked, paralysed or teleported.
You can dig through walls and to a lower floor.
You have a pair of large antennae on your head. (SInv)
Your four strong arms can wield two-handed weapons with a shield.


Message History

You feel very mighty all of a sudden. The hound barely misses you.
The hound misses you.
You closely miss the hound.
The hound is almost dead.
You block the hound's attack. x2
You miss the hound.
The hound is almost dead.
The hound bites you but does no damage. The hound bites you.
You barely miss the hound.
The hound is almost dead.
You block the hound's attack. x2
Menkaure calls on the powers of darkness!
Your body is wracked with pain!
* * * LOW HITPOINT WARNING * * *
Your scale mail prevents you from hitting the hound.
The hound is almost dead.
The hound barely misses you. The hound closely misses you.
Unknown command.
You closely miss the hound.
The hound is almost dead.
You block the hound's attack. The hound bites you but does no damage.
You barely miss the hound.
The hound is almost dead.
The hound bites you.
* * * LOW HITPOINT WARNING * * *
Menkaure calls on the powers of darkness!
Your body is wracked with pain!
* * * LOW HITPOINT WARNING * * *
The hound bites you but does no damage.
You slash the hound!
You kill the hound!
Menkaure calls on the powers of darkness!
Your body is wracked with pain!
* * * LOW HITPOINT WARNING * * *
Your Axes skill increases to level 3!
Unknown command.
You slash Menkaure!
Menkaure is heavily damaged.
Menkaure hits you!!
You die...

$..< .... ...>.
..... $# ....$$
#.# ......### #.#
###
.....KM.####.#
... #@..##.# ..#
###.##.##.#
######..#....####
#..............$.
#....####.######
#...# #..# #...#
#.## #...##
#.#####
#.)..###.....#


You could see Menkaure (fast) and a kobold.

Vanquished Creatures
  A hound (D:4)
  2 orc priests (D:3)
  An orc wizard (D:3)
  4 gnolls (D:3)
  4 adders
  3 worms
  A dart slug (D:3)
  6 orcs (D:3)
  A ball python (D:1)
  4 endoplasms
  2 giant cockroaches
  3 goblins
  5 hobgoblins
  4 jackals (D:2)
  5 bats
  A frilled lizard (D:3)
  3 kobolds
  3 rats
53 creatures vanquished.

Notes
Turn   | Place    | Note
-------+----------+-------------------------------------------
     0 | D:1      | ytrimaz the Formicid Fighter began the quest for the Orb.
     0 | D:1      | Reached XP level 1. HP: 18/18 MP: 1/1
   365 | D:1      | Found a faded altar of an unknown god.
   567 | D:2      | Reached XP level 2. HP: 24/24 MP: 2/2
   618 | D:2      | Reached skill level 4 in Shields
   663 | D:2      | Reached XP level 3. HP: 25/29 MP: 3/3
  1123 | D:3      | Reached XP level 4. HP: 35/37 MP: 4/4
  1323 | D:3      | Noticed Adrian566's ghost (amateur DsFi)
  1378 | D:3      | Reached XP level 5. HP: 11/42 MP: 5/5
  1697 | D:3      | Found a runed translucent gate.
  1697 | D:3      | Found a runed translucent gate.
  1697 | D:3      | Found a runed translucent gate.
  2389 | D:3      | Reached skill level 5 in Shields
  2389 | D:3      | Reached XP level 6. HP: 32/48 MP: 6/6
  2837 | D:4      | Noticed Menkaure
  2853 | D:4      | Mangled by Menkaure

Illustrated notes

Levels and vault maps discovered:
D:1:      dpeg_arrival_tiny_i, layout_basic,
          hellmonk_ecumenical_altar_leap_of_faith
D:2:      layout_basic
D:3:      layout_loops_ring, gammafunk_ghost_icy
D:4:      layout_rooms, uniq_menkaure

Skill      XL: |  1  2  3  4  5  6 |
---------------+-------------------+-----
Shields        | 4 5 |  5.1
Armour         | 4 |  4.8
Fighting       | 4 |  4.3
Axes           | 3 |  3.0
Stealth        | |  0.3

Action                   |  1- 3 |  4- 6 || total
-------------------------+-------+-------++-------
Melee: War axe           |    79 |   111 ||   190
  Use: Scroll            |       |     6 ||     6
       Potion            |       |     3 ||     3
 Stab: Invisible         |       |     1 ||     1
Armor: Scale mail        |    64 |    53 ||   117
Dodge: Dodged            |    54 |    51 ||   105
Block: Buckler           |    26 |    27 ||    53

Table legend: (Time is in decaauts)
 A = Elapsed time spent in this place.
 B = Non-inter-level travel time spent in this place.
 C = Inter-level travel time spent in this place.
 D = Time resting spent in this place.
 E = Time spent auto-exploring this place.
 F = Levels seen in this place.
 G = Mean time per level.
                   A        B        C        D        E       F      G
               +--------+--------+--------+--------+--------+-----+--------+
         Total |   2925 |   2903 |     22 |    237 |   2170 |   4 |  731.2 |
       Dungeon |   2925 |   2903 |     22 |    237 |   2170 |   4 |  731.2 |
               +--------+--------+--------+--------+--------+-----+--------+

Top non-repeatable levels by time:
     D:3: 1511 daAuts
     D:2: 621 daAuts
     D:1: 507 daAuts
     D:4: 284 daAuts
